 Dungeon Crawl Stone Soup version 0.18.1-48-g4cf74bf (webtiles) character file.

3117 dvd the Twirler (level 9, -2/58 HPs)
             Began as a Gargoyle Gladiator on Aug 13, 2016.
             Was a Priest of Cheibriados.
             Hit by a large rock thrown by a cyclops (22 damage)
             ... on level 8 of the Dungeon.
             The game lasted 00:18:25 (5444 turns).

dvd the Twirler (Gargoyle Gladiator)                Turns: 5444, Time: 00:18:26

Health: -2/58      AC: 19    Str: 25    XL:     9   Next: 91%
Magic:  8/9        EV: 12    Int: 16    God:    Cheibriados [***...]
Gold:   307        SH:  0    Dex: 18    Spells: 0 memorised, 8 levels left

rFire  . . .     SeeInvis .     F - +5 quarterstaff of Destiny {distort, rC+ rN+}
rCold  + + .     Gourm    .     P - +0 chain mail
rNeg   + + .     Faith    .     (shield currently unavailable)
rPois  ∞         Spirit   .     (helmet restricted)
rElec  +         Dismiss  .     (no cloak)
rCorr  .         Reflect  .     B - +0 pair of gloves
SustAt .         Harm     .     (no boots)
MR     .....                    (no amulet)
Stlth  ..........               j - ring of protection from cold
                                K - +5 ring of slaying

@: very slow, not resistant to hostile enchantments, extremely unstealthy
A: antennae 1, molten scales 1, rugged brown scales 1, deterioration 1, negative
energy resistance 1, electricity resistance, unbreathing, petrification
resistance, rot immunity, AC +5
a: Bend Time, Temporal Distortion, Renounce Religion


You were on level 8 of the Dungeon.
You worshipped Cheibriados.
Cheibriados was most pleased with you.
You were not hungry.

You visited 1 branch of the dungeon, and saw 10 of its levels.

You collected 307 gold pieces.

Inventory:

Hand Weapons
 a - a +0 quarterstaff
 v - a +0 war axe
 D - a +2 spear of venom
 F - the +5 quarterstaff of Destiny (weapon) {distort, rC+ rN+}
   (You found it on level 5 of the Dungeon)

   It warps and distorts space around it.
   Unwielding it can cause banishment or high damage.
   It protects you from cold.
   It protects you from negative energy.
Missiles
 d - 3 throwing nets (quivered)
Armour
 b - a +0 leather armour
 c - a +0 helmet
 o - a +0 scale mail
 B - a +0 pair of gloves (worn)
 C - a +0 helmet
 P - a +0 chain mail (worn)
Jewellery
 e - a +1 ring of protection
 j - a ring of protection from cold (right hand)
 x - an uncursed ring of fire
 I - a +2 ring of intelligence
 K - a +5 ring of slaying (left hand)
Wands
 y - a wand of flame (24/48)
Scrolls
 g - 5 scrolls of remove curse {unknown}
 h - a scroll of blinking {unknown}
 k - 6 scrolls of identify {unknown}
 l - a scroll of fog
 p - 2 scrolls of enchant weapon
 r - 2 scrolls of magic mapping {unknown}
 u - a scroll of vulnerability {unknown}
 A - a scroll of noise {unknown}
 L - a scroll of summoning {unknown}
 N - a scroll of random uselessness {unknown}
Potions
 i - 2 potions of flight {unknown}
 n - a potion of agility
 q - a potion of lignification {unknown}
 t - a potion of heal wounds
 w - a potion of curing
 z - 2 potions of brilliance
 E - 2 potions of resistance {unknown}
 G - a potion of degeneration {unknown}
 J - a potion of mutation {unknown}
Comestibles
 f - 4 bread rations
 m - a beef jerky
 s - 4 meat rations
 H - a slice of pizza
 M - 7 royal jellies
 O - 10 chunks of flesh


   Skills:
 + Level 7.2 Fighting
 + Level 7.7 Staves
 + Level 1.9 Throwing
 + Level 7.1 Armour
 + Level 6.0 Dodging
 + Level 1.6 Stealth
 + Level 0.9 Invocations


You had 8 spell levels left.
You didn't know any spells.

Dungeon Overview and Level Annotations

Branches:
Dungeon (10/15)
 Temple: D:4-7         Lair: D:8-11         Orc: D:9-12

Altars:
Cheibriados
Fedhas
Gozag
Makhleb
Sif Muna
Vehumet


Innate Abilities, Weirdness & Mutations

You are resistant to torment.
Your stone body is resilient (AC +5).
You are immune to poison.
You resist negative energy.
You are resistant to electric shocks.
You can survive without breathing.
You are immune to petrification.
You are immune to rotting.
You have a pair of small antennae on your head.
You are partially covered in molten scales (AC +1).
You are partially covered in rugged brown scales (AC +1, +3% HP).
Your body sometimes deteriorates upon taking damage.


Message History

The big kobold hits you but does no damage.
Things that are here:
a stone; a large rock You completely miss the big kobold.
You sock the big kobold!
Space bends around the big kobold.
The big kobold is heavily wounded.
The big kobold hits you but does no damage.
The big kobold hits you but does no damage.
The big kobold hits you but does no damage.
You hit the big kobold but do no damage.
The big kobold is heavily wounded.
The big kobold disappears!
Unknown command.
The cyclops hits you!!
Things that are here:
a stone; a large rock You thump the cyclops!
The cyclops is moderately wounded.
The cyclops blinks!
The cyclops throws a large rock.
The large rock hits you!!
You die...

#..#..#
###.......##
#..#..#
###......#
#..#..#...
##.....#
#..#..#..#
#.....#
#..#..#..#
##.....
#..#..#..#
#.....
#.)#..#..#
#C.#[.#..#####
#...(@#†......
#.....§.......
##############


You could see a cyclops.

Vanquished Creatures
  A troll (D:10)
  A water moccasin (D:6)
  2 orc warriors
  An ice beast (D:8)
  2 sky beasts (D:6)
  3 ogres (D:8)
  2 giant frogs (D:8)
  A scorpion (D:5)
  18 killer bees
  3 crimson imps
  2 quasits
  An orc priest (D:6)
  An orc wizard (D:6)
  3 centaur skeletons
  2 giant frog skeletons
  An iguana (D:5)
  Ijyb (D:3)
  5 worker ants
  A hound zombie (D:8)
  A worker ant zombie (D:5)
  4 gnolls (D:5)
  8 adders
  A river rat (D:3)
  2 shadow imps
  2 oozes
  2 adder skeletons
  3 worms
  4 dart slugs
  5 giant geckos
  8 orcs
  5 bats
  7 giant cockroaches
  3 goblins
  11 hobgoblins
  11 jackals
  11 kobolds
  8 quokkas
  2 ball pythons (D:5)
  7 giant newts
  A jackal skeleton (D:8)
  6 rats
163 creatures vanquished.

Vanquished Creatures (others)
  A howler monkey (D:7)
  A centaur skeleton (D:5)
2 creatures vanquished.

Grand Total: 165 creatures vanquished

Notes
Turn   | Place    | Note
--------------------------------------------------------------
     0 | D:1      | dvd the Gargoyle Gladiator began the quest for the Orb.
     0 | D:1      | Reached XP level 1. HP: 12/12 MP: 1/1
    99 | D:1      | Reached XP level 2. HP: 15/17 MP: 2/2
   422 | D:1      | Reached XP level 3. HP: 22/22 MP: 3/3
  1008 | D:2      | Reached XP level 4. HP: 27/27 MP: 4/4
  2086 | D:3      | Reached skill level 1 in Armour
  2086 | D:3      | Reached XP level 5. HP: 26/32 MP: 5/5
  2130 | D:3      | Noticed Ijyb
  2147 | D:3      | Killed Ijyb
  2675 | D:4      | Reached XP level 6. HP: 37/37 MP: 6/6
  3021 | D:4      | Found a blossoming altar of Fedhas.
  3162 | D:5      | Entered Level 5 of the Dungeon
  3276 | D:5      | Got a brightly glowing quarterstaff
  3277 | D:5      | Identified the +5 quarterstaff of Destiny {distort, rC+ rN+} (You found it on level 5 of the Dungeon)
  3452 | D:5      | Reached XP level 7. HP: 39/42 MP: 7/7
  3528 | D:5      | Found a deep blue altar of Sif Muna.
  3557 | D:5      | Found a snail-covered altar of Cheibriados.
  3565 | D:5      | Became a worshipper of Cheibriados the Contemplative
  3619 | D:5      | Found an opulent altar of Gozag.
  4116 | D:6      | Reached skill level 5 in Staves
  4131 | D:6      | Reached skill level 1 in Stealth
  4198 | D:6      | Found a radiant altar of Vehumet.
  4218 | D:6      | Reached * piety under Cheibriados
  4218 | D:6      | Reached XP level 8. HP: 45/48 MP: 8/8
  4222 | D:6      | Gained mutation: You are frail (-10% HP). [mutagenic meat]
  4223 | D:6      | Gained mutation: Armour fits poorly on your strangely shaped body. [mutagenic meat]
  4224 | D:6      | Lost mutation: Armour fits poorly on your strangely shaped body. [mutagenic meat]
  4225 | D:6      | Gained mutation: Your body sometimes deteriorates upon taking damage. [mutagenic meat]
  4226 | D:6      | Gained mutation: You are partially covered in molten scales (AC +1). [mutagenic meat]
  4424 | D:6      | Reached skill level 5 in Dodging
  4428 | D:6      | Gained mutation: You are partially covered in rugged brown scales (AC +1, +3% HP). [mutagenic meat]
  4429 | D:6      | Lost mutation: You are frail (-10% HP). [mutagenic meat]
  4430 | D:6      | Gained mutation: You have a pair of small antennae on your head. [mutagenic meat]
  4705 | D:7      | Reached skill level 5 in Fighting
  4785 | D:7      | You fall through a shaft for 3 floors!
  4785 | D:10     | Entered Level 10 of the Dungeon
  4785 | D:10     | Noticed a queen bee
  4796 | D:10     | Reached skill level 5 in Armour
  4819 | D:10     | Noticed a troll
  4824 | D:10     | Killed a troll
  4824 | D:10     | Reached XP level 9. HP: 20/56 MP: 6/9
  4889 | D:10     | Reached ** piety under Cheibriados
  5144 | D:10     | Noticed a hill giant
  5207 | D:8      | Found a burning altar of Makhleb.
  5410 | D:8      | Noticed a troll
  5413 | D:8      | Noticed a cyclops
  5419 | D:8      | Reached *** piety under Cheibriados
  5444 | D:8      | Hit by a large rock thrown by a cyclops

Skill      XL: |  1  2  3  4  5  6  7  8  9 |
---------------+----------------------------+-----
Dodging        | 3 4 5 6 |  6.0
Fighting       | 3 4 5 7 |  7.2
Armour         | 1 2 4 5 7 |  7.1
Staves         | 4 5 6 7 |  7.7
Stealth        | 1 |  1.6
Throwing       | |  1.9
Invocations    | |  0.9

Action                   |  1- 3 |  4- 6 |  7- 9 || total
-------------------------+-------+-------+-------++-------
Melee: Quarterstaff      |   124 |   279 |   205 ||   608
Invok: Bend Time         |       |       |     2 ||     2
  Use: Potion            |       |       |     4 ||     4
       Scroll            |       |       |     2 ||     2
  Eat: Chunk             |       |     9 |    14 ||    23
Armor: Leather armour    |     5 |       |       ||     5
       Scale mail        |    41 |   129 |    56 ||   226
       Chain mail        |       |       |    25 ||    25
Dodge: Dodged            |    79 |   170 |   127 ||   376
